 Dungeon Sprint DCSS version 0.30-a0-782-ge64f9170bb (webtiles) character file.

Game seed: 11172889714587208040

14764 Turgor the Demonic Cataclysm (level 11, -16/95 HPs)
             Began as a Demonspawn Monk on Feb 22, 2023.
             Was a High Priest of Qazlal.
             Killed from afar by an ancient lich (40 damage)
             ... with a crystal spear
             ... while petrified by an ancient lich
             ... in the Dungeon (Sprint V: "Ziggurat Sprint").
             The game lasted 00:18:45 (730 turns).

Turgor the Demonic Cataclysm (Demonspawn Monk)       Turns: 730, Time: 00:18:45

Health: -16/95     AC: 24    Str: 30    XL:     11   Next: 93%
Magic:  13/24      EV:  2    Int: 13    God:    Qazlal [*****.]
Gold:   0          SH:  0    Dex: 15    Spells: 28/28 levels left

rFire   + . .      SeeInvis .    D - +5 broad axe
rCold   + . .      Faith    .    L - +18 shield of the Gong {Loud rN+ Will+ rCorr EV-5}
rNeg    + + +      Spirit   .    j - +5 gold dragon scales
rPois   ∞          Reflect  .    (helmet restricted)
rElec   .          Harm     .    (no cloak)
rCorr   +          Rampage  .    F - +0 pair of gloves {Str+3}
Will    +....      NoTele   +    (no boots) Stlth
                                 (no amulet)
HPRegen 0.35/turn                A - +6 ring of strength
MPRegen 0.19/turn                B - +6 ring of strength

@: agile, petrified, corroded, studying 2 skills, repel missiles
A: horns 2, thin metallic scales 2, powered by pain 3, demonic magic 1
a: Renounce Religion, Upheaval, Elemental Force, Disaster Area


You were in the Dungeon.
You worshipped Qazlal.
Qazlal was extremely pleased with you.
You visited 1 branch

Inventory:

Hand Weapons
 a - the +9 falchion of Accord {venom, Int+3 SInv}
   (You found it in the Dungeon)

   Int:       It affects your intelligence (+3).
   SInv:      It lets you see invisible.
 b - the +7 Throatcutter {drain, coup de grace}
   (You found it in the Dungeon)
 D - a +5 broad axe (weapon)
 H - the +6 Majin-Bo {spellvamp, MP+6 Int+6}
   (You found it in the Dungeon)

   Int:       It affects your intelligence (+6).
   MP:        It affects your magic capacity (+6).
 I - the +10 dark maul {heavy}
   (You found it in the Dungeon)
 J - the +27 heavy crossbow "Sniper" {heavy, Acc+∞ SInv}
   (You found it in the Dungeon)

   Acc+∞: It never misses its target.
   SInv:      It lets you see invisible.
 M - the +7 mace of Variability {chaos, chain chaos}
   (You found it in the Dungeon)
 N - the +6 shillelagh "Devastator" {shatter}
   (You found it in the Dungeon)
 O - the +9 sword of Power {lifebolt}
   (You found it in the Dungeon)
 P - the +9 sword of Zonguldrok {reap}
   (You found it in the Dungeon)
Armour
 j - +5 gold dragon scales (worn)
 F - a +0 pair of gloves of strength (worn)
 G - a +3 tower shield
 K - the +15 Maxwell's patent armour {-Cast -Tele rElec Will+ rCorr}
   (You found it in the Dungeon)

   rElec:     It insulates you from electricity.
   -Cast:     It prevents spellcasting.
   -Tele:     It prevents most forms of teleportation.
   rCorr:     It protects you from acid and corrosion.
   Will:      It increases your willpower.
 L - the +18 shield of the Gong (worn) {Loud rN+ Will+ rCorr EV-5}
   (You found it in the Dungeon)

   Loud:      It is deafeningly noisy when blocking attacks.
   EV:        It affects your evasion (-5).
   rN:        It protects you from negative energy.
   rCorr:     It protects you from acid and corrosion.
   Will:      It increases your willpower.
 Q - a +0 pair of gloves of hurling
Jewellery
 v - a ring of flight
 w - a +6 ring of dexterity
 x - a +6 ring of dexterity
 y - a +6 ring of intelligence
 z - a +6 ring of intelligence
 A - a +6 ring of strength (left hand)
 B - a +6 ring of strength (right hand)
 R - the ring "Ahiqum" {rPois rF+ Dex+6 SInv}
   (You found it in the Dungeon)

   [ring of dexterity]

   Dex:       It affects your dexterity (+6).
   rF:        It protects you from fire.
   rPois:     It protects you from poison.
   SInv:      It lets you see invisible.
 S - an amulet of guardian spirit
 U - the ring "Jetacizu" {Will+ SInv}
   (You found it in the Dungeon)

   [ring of see invisible]

   SInv:      It lets you see invisible.
   Will:      It increases your willpower.
 X - the amulet of Cixah {RegenMP Str+4}
   (You found it in the Dungeon)

   [amulet of magic regeneration]

   It increases your rate of magic regeneration.
   Str:       It affects your strength (+4).
 Y - the amulet of Ozxaitavi {Faith Fragile rC+ Dex+2}
   (You found it in the Dungeon)

   [amulet of faith]

   It allows you to gain divine favour quickly.
   Dex:       It affects your dexterity (+2).
   rC:        It protects you from cold.
   Fragile:   It will be destroyed if unequipped.
Wands
 t - a wand of mindburst (7)
 u - a wand of quicksilver (5)
Scrolls
 i - 3 scrolls of blinking
 k - 4 scrolls of amnesia
 l - 7 scrolls of fog
 m - 5 scrolls of identify
 n - 2 scrolls of fear
Potions
 c - a potion of ambrosia
 d - 9 potions of curing
 e - 3 potions of heal wounds
 f - 5 potions of haste
 g - 7 potions of magic
 h - 2 potions of berserk rage
 o - 2 potions of brilliance
 p - 2 potions of invisibility
 q - 3 potions of resistance
 r - a potion of experience
 s - 5 potions of might
Miscellaneous
 C - a lightning rod (4/4)
 E - a phantom mirror
 T - a tin of tremorstones (2/2)
 V - a condenser vane
 W - a phial of floods


   Skills:
 + Level 12.3 Fighting
 + Level 12.3 Axes
 + Level 11.9 Armour
 - Level 3.0 Dodging
 - Level 2.0 Stealth
 + Level 11.9 Shields
 + Level 9.3 Spellcasting
 * Level 18.8 Invocations


You had 28 spell levels left.
You didn't know any spells.
Your spell library contained the following spells:

 Spells                   Type           Power      Damage    Failure   Level
 Shock                    Conj/Air       24%        1d4       99%         1
 Stone Arrow              Conj/Erth      12%        3d7       100%        3
 Swiftness                Air            6%         N/A       100%        3
 Airstrike                Air            3%         2d(1-17)  100%        4
 Animate Armour           Summ/Erth      12%        N/A       100%        4
 Petrify                  Tmut/Erth      6%         N/A       100%        4
 Metabolic Englaciation   Hex/Ice        3%         N/A       100%        5
 Summon Forest            Summ/Tloc      3%         N/A       100%        5
 Summon Mana Viper        Hex/Summ       6%         N/A       100%        5
 Statue Form              Tmut/Erth      4%         N/A       100%        6
 Summon Cactus Giant      Summ           3%         N/A       100%        6
 Borgnjor's Revivificati  Necr           3%         N/A       100%        8
 Lehudib's Crystal Spear  Conj/Erth      3%         10d2      100%        8
 Necromutation            Tmut/Necr      3%         N/A       100%        8
 Death's Door             Necr           3%         N/A       100%        9


Dungeon Overview and Level Annotations

Branches:
Dungeon (1/1)

Altars:
Ashenzari
Cheibriados
Dithmenos
Fedhas
Gozag
Hepliaklqana
Kikubaaqudgha
Makhleb
Nemelex Xobeh
Okawaru
Qazlal
Ru
Sif Muna
Trog
Uskayaw
Vehumet
Wu Jian
Xom
Yredelemnul
Jiyva
Lugonu

Annotations:
D 1 transporter


Innate Abilities, Weirdness & Mutations

You have a pair of horns on your head.
You are mostly covered in thin metallic scales. (AC +3)
You are powered by pain.
Spells you cast may paralyse adjacent enemies.


Message History

Something touches you!
* * * LOW HITPOINT WARNING * * *
Something touches you but does no damage. x2
Something completely misses you. Something touches you.
* * * LOW HITPOINT WARNING * * *
Something touches you!
* * * LOW HITPOINT WARNING * * *
Something touches you but does no damage.
Something touches you.
* * * LOW HITPOINT WARNING * * *
You hear some strange, mumbled words.
You hear some strange, mumbled words.
A bolt of acid appears from out of thin air!
The bolt of acid hits you but does no damage.
The acid corrodes you!
You turn to flesh and can move again.
You feel much better.
Your protection from physical attacks is fading.
You hear some strange, mumbled words.
You are slowing down.
You block something's attack.
PANG!
You hit something.
Something touches you but does no damage. x2
Your limbs are stiffening.
You slash something! Your headbutt misses something.
Something touches you but does no damage. x3
You have turned to stone.
Something touches you but does no damage. x3
You feel less protected from physical attacks.
Something touches you but does no damage.
Something touches you but does no damage.
Something touches you.
* * * LOW HITPOINT WARNING * * *
Something touches you but does no damage. x5
You hear some strange, mumbled words.
A crystal spear appears from out of thin air!
The crystal spear hits you!!!!
You die...

▓▓▓▓▓▓▓▓▓▓▓▓▓▓▓▓▓▓▓
▓...8©8...▓...8©8...▓
▓[.)......▓....[.)..▓
▓....[....▓.....)|..▓
▓.....).}.▓.....†...▓
▓..[......▓.........▓
▓...§..○..▓.........▓
▓.....{...▓.....†...▓
▓...☼@○○..▓.▓†....▓.▓
▓...○.°☼..▓....©....▓
▓....©....▓▓▓▓▓▓▓▓▓▓▓
▓▓▓▓▓▓▓▓▓▓▓


There were no monsters in sight!

Vanquished Creatures
  An ancient lich (D)
  2 pandemonium lords (D)
  An eldritch tentacle (D)
  A cacodemon (D)
  A ghoul (D)
  A vampire knight (D)
  A sun demon (D)
  A skeletal warrior (D)
  An orange demon (D)
  A polar bear (D)
  A hornet (D)
  2 spriggans (D)
  2 shadows (D)
  A neqoxec (D)
  A golden eye (D)
  9 hell hounds (D)
  An ice beast (D)
  2 wolves (D)
  3 black bears (D)
  A bullfrog (D)
  4 necrophages (D)
  A wight (D)
  4 quasits (D)
  8 iron imps (D)
  2 iguanas (D)
  A river rat (D)
  A shadow imp (D)
  A white imp (D)
  An ufetubus (D)
  A bat zombie (D)
  2 endoplasms (D)
  2 ball python skeletons (D)
  2 ball python zombies (D)
  A quokka zombie (D)
65 creatures vanquished.

Vanquished Creatures (others)
  An eldritch tentacle (D)
1 creature vanquished.

Grand Total: 66 creatures vanquished

Notes
Turn   | Place    | Note
-------+----------+-------------------------------------------
     0 | D        | Turgor the Demonspawn Monk began the quest for the Orb.
     0 | D        | Reached XP level 1. HP: 18/18 MP: 1/1
     3 | D        | Found a blossoming altar of Fedhas.
     3 | D        | Found the +6 Majin-Bo {spellvamp, MP+6 Int+6}
     3 | D        | Found the +27 heavy crossbow "Sniper" {heavy, Acc+∞ SInv}
     3 | D        | Found the +10 dark maul {heavy}
     3 | D        | Found the +15 Maxwell's patent armour {-Cast -Tele rElec
                  | Will+ rCorr}
     3 | D        | Found the +18 shield of the Gong {Loud rN+ Will+ rCorr
                  | EV-5}
     3 | D        | Found the +16 obsidian axe {drain, demonic, Mesm Drain Fly
                  | SInv}
     3 | D        | Found the +7 great mace "Firestarter" {flame, inner flame,
                  | rFlCloud rF++}
     3 | D        | Found the +6 shillelagh "Devastator" {shatter}
     3 | D        | Found the +11 plutonium sword {Contam Stlth-}
     3 | D        | Found the +8 lance "Wyrmbane" {slay drac, rPois rF+ rC+
                  | AC+3}
     3 | D        | Found the +9 sword of Zonguldrok {reap}
     3 | D        | Found the +13 scythe of Curses {drain, curses, Drain}
     3 | D        | Found the +9 sword of Power {lifebolt}
     3 | D        | Found the +7 mace of Variability {chaos, chain chaos}
     3 | D        | Found the +11 Singing Sword {sonic wave}
     3 | D        | Found the +8 storm bow {elec, penet}
     4 | D        | Found a transporter.
     4 | D        | Found a viscous altar of Jiyva.
     4 | D        | Found an ancient bone altar of Kikubaaqudgha.
     4 | D        | Found a hazy altar of Hepliaklqana.
     4 | D        | Found a corrupted altar of Lugonu.
     4 | D        | Found an opulent altar of Gozag.
     4 | D        | Found a burning altar of Makhleb.
     5 | D        | Found a sacrificial altar of Ru.
     5 | D        | Found a shimmering blue altar of Sif Muna.
     5 | D        | Found a stormy altar of Qazlal.
     5 | D        | Found a bloodstained altar of Trog.
     5 | D        | Found an iron altar of Okawaru.
     5 | D        | Found a sparkling altar of Nemelex Xobeh.
    54 | D        | Became a worshipper of Qazlal Stormbringer
    54 | D        | Reached * piety under Qazlal
    54 | D        | Reached ** piety under Qazlal
    70 | D        | Entered arena 2.
    70 | D        | Noticed an ice beast
    70 | D        | Noticed a polar bear
    70 | D        | Found a transporter.
    74 | D        | Killed an ice beast
    75 | D        | Reached skill level 5 in Axes
    75 | D        | Gained mutation: You sometimes gain a little power by
                  | taking damage. [demonic ancestry]
    75 | D        | Reached XP level 2. HP: 26/26 MP: 2/2
    75 | D        | Gained mutation: You sometimes gain power by taking damage.
                  | [demonic ancestry]
    75 | D        | Reached XP level 3. HP: 31/31 MP: 3/3
    75 | D        | Gained mutation: You are partially covered in thin metallic
                  | scales. (AC +2) [demonic ancestry]
    75 | D        | Reached XP level 4. HP: 38/38 MP: 4/4
    75 | D        | Killed a polar bear
    76 | D        | Reached skill level 5 in Fighting
    76 | D        | Gained mutation: You are mostly covered in thin metallic
                  | scales. (AC +3) [demonic ancestry]
    76 | D        | Reached XP level 5. HP: 45/45 MP: 5/5
    76 | D        | Gained mutation: You have a pair of small horns on your
                  | head. [demonic ancestry]
    76 | D        | Reached XP level 6. HP: 51/51 MP: 6/6
   109 | D        | Entered arena 3.
   109 | D        | Noticed a golden eye
   109 | D        | Found a transporter.
   111 | D        | Killed a golden eye
   112 | D        | Reached *** piety under Qazlal
   121 | D        | Entered arena 4.
   121 | D        | Found a transporter.
   125 | D        | Reached **** piety under Qazlal
   126 | D        | Reached skill level 1 in Invocations
   129 | D        | Got the +9 falchion of Accord {venom, Int+3 SInv}
   147 | D        | Entered arena 5.
   147 | D        | Found the +7 Throatcutter {drain, coup de grace}
   147 | D        | Found a transporter.
   152 | D        | Reached skill level 3 in Invocations
   152 | D        | Gained mutation: Spells you cast may paralyse adjacent
                  | enemies. [demonic ancestry]
   152 | D        | Reached XP level 7. HP: 59/59 MP: 6/9
   153 | D        | Reached ***** piety under Qazlal
   154 | D        | Reached skill level 5 in Invocations
   194 | D        | Entered arena 6.
   194 | D        | Found a transporter.
   198 | D        | Reached skill level 6 in Invocations
   200 | D        | Reached skill level 1 in Spellcasting
   213 | D        | Entered arena 7.
   213 | D        | Noticed a spriggan
   213 | D        | Noticed a spriggan rider
   217 | D        | Killed a spriggan
   218 | D        | Reached skill level 7 in Invocations
   218 | D        | Gained mutation: You are powered by pain. [demonic
                  | ancestry]
   218 | D        | Reached XP level 8. HP: 67/67 MP: 13/13
   218 | D        | Killed a hornet
   219 | D        | Reached skill level 8 in Invocations
   220 | D        | Reached skill level 9 in Invocations
   220 | D        | Reached ****** piety under Qazlal
   222 | D        | Found a transporter.
   247 | D        | Entered arena 8.
   247 | D        | Noticed a cacodemon
   249 | D        | Reached skill level 10 in Invocations
   249 | D        | Gained mutation: You have a pair of horns on your head.
                  | [demonic ancestry]
   249 | D        | Reached XP level 9. HP: 75/75 MP: 7/16
   255 | D        | Killed a cacodemon
   256 | D        | Reached skill level 5 in Spellcasting
   256 | D        | Reached skill level 11 in Invocations
   256 | D        | Found a transporter.
   262 | D        | Got the ring "Ahiqum" {rPois rF+ Dex+6 SInv}
   359 | D        | Entered arena 9.
   360 | D        | Found a transporter.
   362 | D        | Reached skill level 12 in Invocations
   451 | D        | Entered arena 10.
   451 | D        | Noticed Mibad the pandemonium lord
   451 | D        | Noticed an orange demon
   451 | D        | Noticed a sun demon
   451 | D        | Noticed Duracopuo the pandemonium lord
   452 | D        | Found a transporter.
   453 | D        | Killed an orange demon
   453 | D        | Killed a sun demon
   454 | D        | Reached skill level 10 in Axes
   454 | D        | Reached skill level 13 in Invocations
   454 | D        | Reached XP level 10. HP: 84/84 MP: 10/20
   475 | D        | Killed Mibad the pandemonium lord
   476 | D        | Reached skill level 10 in Fighting
   476 | D        | Reached skill level 10 in Armour
   476 | D        | Reached skill level 10 in Shields
   476 | D        | Reached skill level 15 in Invocations
   504 | D        | Killed Duracopuo the pandemonium lord
   505 | D        | Reached skill level 16 in Invocations
   505 | D        | Reached XP level 11. HP: 65/93 MP: 7/23
   523 | D        | Got the ring "Jetacizu" {Will+ SInv}
   642 | D        | Entered arena 11.
   643 | D        | Found a transporter.
   655 | D        | Got the amulet of Cixah {RegenMP Str+4}
   659 | D        | Got the amulet of Ozxaitavi {Faith Fragile rC+ Dex+2}
   688 | D        | Entered arena 12.
   688 | D        | Noticed a vampire knight
   688 | D        | Noticed an ancient lich
   688 | D        | Noticed an ancient lich
   688 | D        | Noticed a ghoul
   689 | D        | Killed a vampire knight
   690 | D        | Reached skill level 17 in Invocations
   691 | D        | Noticed a skeletal warrior
   693 | D        | Killed a skeletal warrior
   693 | D        | Killed a ghoul
   695 | D        | Found a transporter.
   702 | D        | Killed an ancient lich
   703 | D        | Reached skill level 18 in Invocations
   715 | D        | HP: 3/95 [something (4)]
   717 | D        | HP: 1/95 [something (3)]
   730 | D        | Killed from afar by an ancient lich

Illustrated notes

Levels and vault maps discovered:
D:        sprint_v [room_start, room_1, room_2, room_3, room_4, room_5, room_6,
          room_7, room_8, room_9, room_10, room_11, room_12, room_13, room_14,
          room_15, room_16, room_17, room_18, room_19, room_20, room_21,
          room_22, room_23, room_24, room_25, room_26, room_27]

Skill      XL: |  1  2  3  4  5  6  7  8  9 10 11 |
---------------+----------------------------------+-----
Fighting       | 4 5 6 7 8 9 11 12 | 12.3
Axes           | 5 6 7 8 9 10 11 12 | 12.3
Armour         | 3 6 7 8 9 10 11 | 11.9
Dodging        | 3 |  3.0
Stealth        | 2 |  2.0
Shields        | 4 6 7 8 9 10 11 | 11.9
Invocations    | 3 7 10 13 16 18 | 18.8
Spellcasting   | 2 4 5 7 9 |  9.3

Action                     |  1- 3 |  4- 6 |  7- 9 | 10-12 || total
---------------------------+-------+-------+-------+-------++-------
  Melee: Shillelagh        |     3 |     8 |    28 |       ||    39
         Headbutt          |       |     1 |     2 |    22 ||    25
         Broad axe         |       |       |       |    56 ||    56
 Invoke: Disaster Area     |       |       |     3 |     8 ||    11
  Evoke: Phantom mirror    |       |       |     1 |     2 ||     3
         Wand              |       |       |     2 |       ||     2
         Lightning rod     |       |       |     1 |       ||     1
         Tin of tremorston |       |       |       |     1 ||     1
         Condenser vane    |       |       |       |     1 ||     1
    Use: Potion            |     1 |       |       |    10 ||    11
         Scroll            |       |       |       |     1 ||     1
 Armour: Gold dragon scale |     4 |     6 |    12 |    44 ||    66
  Dodge: Dodged            |       |     1 |     1 |     3 ||     5
         Repelled          |       |       |       |     1 ||     1
  Block: Buckler           |     2 |     3 |       |       ||     5
         Kite shield       |       |     4 |    30 |    62 ||    96

Table legend: (Time is in decaauts)
 A = Elapsed time spent in this place.
 B = Non-inter-level travel time spent in this place.
 C = Inter-level travel time spent in this place.
 D = Time resting spent in this place.
 E = Time spent auto-exploring this place.
 F = Levels seen in this place.
 G = Mean time per level.
                   A        B        C        D        E       F      G
               +--------+--------+--------+--------+--------+-----+--------+
         Total |    738 |    738 |      0 |    348 |      0 |   1 |  738.0 |
       Dungeon |    738 |    738 |      0 |    348 |      0 |   1 |  738.0 |
               +--------+--------+--------+--------+--------+-----+--------+

Top non-repeatable levels by time:
       D: 738 daAuts
